 Dungeon Crawl Stone Soup version 0.21-a0-642-g5d013b2151 (webtiles) character file.

1196 Kaname the Conjurer (level 8, -8/52 HPs)
             Began as a Demonspawn Wizard on Dec 31, 2017.
             Mangled by an iguana (10 damage)
             ... on level 6 of the Dungeon.
             The game lasted 00:20:49 (5706 turns).

Kaname the Conjurer (Demonspawn Wizard)             Turns: 5706, Time: 00:20:50

Health: -8/52      AC:  5    Str: 13    XL:     8   Next: 20%
Magic:  14/14      EV: 12    Int: 25    God:
Gold:   238        SH:  0    Dex: 14    Spells: 6/15 levels left

rFire    x . .     SeeInvis .   f - +2 trident "Duplur" {drain, rF- rN+++ Int+4 Dex+2}
rCold    . . .     Gourm    .   (no shield)
rNeg     + + +     Faith    .   a - +0 robe
rPois    .         Spirit   .   b - +0 hat
rElec    .         Reflect  .   (no cloak)
rCorr    .         Harm     .   n - +1 pair of gloves
MR       .....                  h - +0 pair of boots
Stlth    +++.......             (no amulet)
HPRegen  0.17/turn              r - ring of positive energy
MPRegen  0.14/turn              (no ring)

@: mighty, flying
A: talons 1, nightstalker 1, powered by pain 2
a: no special abilities


You were on level 6 of the Dungeon.
You were not hungry.

You visited 1 branch of the dungeon, and saw 6 of its levels.

You collected 238 gold pieces.

Inventory:

Hand Weapons
 c - a +1 flail of protection
 f - the +2 trident "Duplur" (weapon) {drain, rF- rN+++ Int+4 Dex+2}
   (You found it on level 4 of the Dungeon)

   A truly terrible weapon, it drains the life of those it strikes.
   It affects your intelligence (+4).
   It affects your dexterity (+2).
   It makes you vulnerable to fire.
   It renders you almost immune to negative energy.
 v - a +0 blowgun
 B - a +2 trident of venom
 C - a +1 dagger of freezing
Missiles
 w - 11 poisoned needles
Armour
 a - a +0 robe (worn)
 b - a +0 hat (worn)
 h - a +0 pair of boots (worn)
 n - a +1 pair of gloves (worn)
 F - a cursed -1 ring mail
Jewellery
 r - a ring of positive energy (left hand)
Wands
 y - a wand of paralysis (24)
Scrolls
 e - a scroll of immolation {unknown}
 g - 2 scrolls of enchant armour
 i - a scroll of noise {unknown}
 j - 2 scrolls of fog
 k - 2 scrolls of amnesia
 l - a scroll of blinking {unknown}
 o - a scroll of magic mapping {unknown}
 s - a scroll of fear {unknown}
 x - 2 scrolls of teleportation
 z - a scroll of random uselessness {unknown}
 G - a scroll of remove curse
Potions
 p - 2 potions of mutation
 q - a potion of magic {unknown}
 t - 2 potions of flight
 u - a potion of might {unknown}
 A - a potion of heal wounds {unknown}
 E - a potion of invisibility {unknown}
Books
 D - a book of Maledictions

   Spells                             Type                      Level
   a - Corona                         Hexes                        1
   b - Ensorcelled Hibernation        Hexes/Ice                    2
   c - Confuse                        Hexes                        3
   d - Tukima's Dance                 Hexes                        3
   e - Dazzling Spray                 Conjuration/Hexes            3
Comestibles
 d - 9 rations


   Skills:
 - Level 1.7 Dodging
 - Level 1.7 Stealth
 + Level 4.0 Spellcasting
 - Level 7.9 Conjurations
   Level 1.0 Summonings
 - Level 2.2 Translocations
 - Level 2.0 Fire Magic
 - Level 2.0 Air Magic
 - Level 2.0 Poison Magic


You had 6 spell levels left.
You knew the following spells:

 Your Spells              Type           Power        Failure   Level  Hunger
a - Magic Dart            Conj           ####         1%          1    None
b - Blink                 Tloc           N/A          5%          2    None
c - Mephitic Cloud        Conj/Pois/Air  ####....     5%          3    ##.....
d - Conjure Flame         Conj/Fire      ####....     3%          3    ##.....


Dungeon Overview and Level Annotations

Branches:
Dungeon (6/15)
 Temple: D:4-7

Altars:
Dithmenos
Elyvilon
Gozag
Okawaru
Uskayaw
Wu Jian
Xom
Zin

Annotations:
D:6 NihilVerum's ghost, novice GrFi


Innate Abilities, Weirdness & Mutations

You have sharp toenails.
You are slightly more attuned to the shadows.
You sometimes gain power by taking damage.


Message History

NihilVerum's ghost is heavily damaged.
NihilVerum's ghost barely misses you.
You puncture NihilVerum's ghost!
NihilVerum's ghost is severely damaged.
NihilVerum's ghost hits you! NihilVerum's ghost hits you.
* * * LOW HITPOINT WARNING * * *
Sorry, you're not good enough to have a special ability.
Okay, then.
Unknown command.
It was a potion of flight.
You feel very buoyant.
You fly up into the air.
NihilVerum's ghost completely misses you.
You closely miss NihilVerum's ghost.
NihilVerum's ghost is severely damaged.
NihilVerum's ghost is engulfed in blazing flames.
NihilVerum's ghost hits you!
* * * LOW HITPOINT WARNING * * *
You focus on the pain.
You feel your power returning. The iguana bites you!
You die...

.# .## #.## .... ##.._##
.... ##..≈.≈## .....
#...#§..#
.....###_≈##§§♣##
.....l.W♣≈≈§§§≈..
###..@#.#.§≈..# .
##..#W...#_.#. #
###..###≈.#≈.##.. ....
##...##..##
.....#####.###...##
#####..#....# #....###
###......# #......##
##.......## #..<.....
#####....##...###........


You could see an iguana and NihilVerum's ghost.

Vanquished Creatures
  An orc warrior (D:5)
  An ogre (D:6)
  A scorpion (D:6)
  2 wights (D:6)
  2 howler monkeys
  A hound (D:6)
  A jelly (D:5)
  An orc priest (D:5)
  5 orc wizards
  A bullfrog skeleton (D:6)
  An iguana (D:6)
  11 worker ants
  6 adders
  9 gnolls
  An ooze (D:1)
  An adder skeleton (D:4)
  A worm (D:3)
  3 dart slugs
  4 leopard geckos
  17 orcs
  3 bats
  3 giant cockroaches
  6 goblins
  14 hobgoblins
  8 jackals
  9 kobolds
  5 quokkas
  3 ball pythons
  3 frilled lizards
  A leopard gecko skeleton (D:4)
  A quokka skeleton (D:5)
  5 rats
131 creatures vanquished.

Notes
Turn   | Place    | Note
-------+----------+-------------------------------------------
     0 | D:1      | Kaname the Demonspawn Wizard began the quest for the Orb.
     0 | D:1      | Reached XP level 1. HP: 13/13 MP: 4/4
   181 | D:1      | Reached skill level 2 in Conjurations
   197 | D:1      | Gained mutation: You have sharp toenails. [demonic ancestry]
   197 | D:1      | Reached XP level 2. HP: 18/19 MP: 3/6
   719 | D:1      | Reached skill level 3 in Conjurations
   815 | D:1      | Learned a level 2 spell: Blink
   859 | D:2      | Found an ornate altar of the Wu Jian Council.
   883 | D:1      | Reached skill level 1 in Translocations
   883 | D:1      | Gained mutation: You are slightly more attuned to the shadows. [demonic ancestry]
   883 | D:1      | Reached XP level 3. HP: 12/24 MP: 1/7
   915 | D:2      | Learned a level 3 spell: Mephitic Cloud
  1287 | D:2      | Reached skill level 1 in Poison Magic
  1377 | D:2      | Reached XP level 4. HP: 28/30 MP: 2/8
  1415 | D:2      | Reached skill level 1 in Air Magic
  1422 | D:2      | Learned a level 3 spell: Conjure Flame
  1992 | D:3      | Reached skill level 4 in Conjurations
  2208 | D:3      | Reached XP level 5. HP: 28/35 MP: 6/9
  2370 | D:3      | Found an iron altar of Okawaru.
  2903 | D:4      | Reached skill level 1 in Fire Magic
  2958 | D:4      | Found a hide-covered altar of Uskayaw.
  3064 | D:4      | Reached XP level 6. HP: 29/41 MP: 3/10
  3161 | D:4      | Got a polished trident
  3162 | D:4      | Identified the cursed +2 trident "Duplur" {drain, rF- rN+++ Int+4 Dex+2} (You found it on level 4 of the Dungeon)
  3437 | D:4      | HP: 2/41 [poisoned by an adder]
  3445 | D:4      | HP: 1/41 [poisoned by an adder]
  3655 | D:4      | Found a white marble altar of Elyvilon.
  3993 | D:5      | Entered Level 5 of the Dungeon
  4029 | D:5      | Noticed an orc warrior
  4081 | D:5      | Killed an orc warrior
  4081 | D:5      | Reached skill level 5 in Conjurations
  4081 | D:5      | Gained mutation: You sometimes gain a little power by taking damage. [demonic ancestry]
  4081 | D:5      | Reached XP level 7. HP: 46/46 MP: 0/11
  4293 | D:5      | Reached skill level 6 in Conjurations
  4957 | D:6      | Found a shimmering altar of Xom.
  5079 | D:6      | Reached skill level 7 in Conjurations
  5079 | D:6      | Gained mutation: You sometimes gain power by taking damage. [demonic ancestry]
  5079 | D:6      | Reached XP level 8. HP: 12/52 MP: 4/14
  5338 | D:6      | Found an opulent altar of Gozag.
  5340 | D:6      | Found a shadowy altar of Dithmenos.
  5352 | D:6      | Found a glowing silver altar of Zin.
  5621 | D:6      | Noticed NihilVerum's ghost (novice GrFi)
  5688 | D:6      | Found a shimmering altar of Xom.
  5689 | D:6      | Found a shimmering altar of Xom.
  5692 | D:6      | Found a shimmering altar of Xom.
  5706 | D:6      | HP: 2/52 [NihilVerum's ghost (10)]
  5706 | D:6      | Mangled by an iguana

Vault maps used:
D:1:      dpeg_arrival_shrine
D:2:      minmay_door_path, lemuel_doored_altar
D:3:      okawaru_altar_gauntlet_db, first_ration, lemuel_another_geyser
D:4:      nicolae_overflow_hidden_temple, old_standard_altar
D:6:      yredelemnul_forgotten_temple_becter, kennysheep_mini_moat,
          grunt_temple_overflow_open, minmay_temple_entry_from_below_a,
          hangedman_decor_clover_reticule, xom_redecorated

Skill      XL: |  1  2  3  4  5  6  7 |
---------------+----------------------+-----
Conjurations   | 2 3 4 5 7 |  7.9
Translocations | 1 2 |  2.2
Poison Magic   | 1 2 |  2.0
Air Magic      | 1 2 |  2.0
Fire Magic     | 2 |  2.0
Spellcasting   | 4 |  4.0
Dodging        | |  1.7
Stealth        | |  1.7
Summonings     | |  1.0

Action                   |  1- 3 |  4- 6 |  7- 9 || total
-------------------------+-------+-------+-------++-------
Melee: Spear             |    25 |    14 |       ||    39
       Kick              |     2 |    13 |       ||    15
       Flail             |       |   115 |       ||   115
       Trident           |       |    30 |    66 ||    96
 Cast: Magic Dart        |    67 |   101 |    98 ||   266
       Mephitic Cloud    |       |     7 |     4 ||    11
       Blink             |       |     3 |     1 ||     4
       Conjure Flame     |       |       |     3 ||     3
  Use: Potion            |     1 |     3 |     1 ||     5
       Scroll            |       |     7 |     1 ||     8
 Stab: Sleeping          |     1 |     2 |       ||     3
       Confused          |       |     1 |     1 ||     2
  Eat: Chunk             |     1 |    10 |     5 ||    16
Armor: Robe              |     6 |    87 |    13 ||   106
Dodge: Dodged            |    25 |   187 |    34 ||   246

Table legend:
 A = Spawn XP
 B = Non-spawn XP
 C = Spawn XP percentage of total XP
 D = Spawn monster count
 E = Non-spawn monster count
 F = Spawn count percentage of total count
 G = Total turns spent on level
                    A         B        C        D         E        F      G
               +---------+---------+-------+---------+---------+-------+---------
         Total |       0 |    1709 |   0.0 |       0 |     131 |   0.0 |  5706
               +---------+---------+-------+---------+---------+-------+---------
           D:1 |       0 |      53 |   0.0 |       0 |      19 |   0.0 |   869
           D:2 |       0 |     124 |   0.0 |       0 |      27 |   0.0 |  1067
           D:3 |       0 |      92 |   0.0 |       0 |      21 |   0.0 |   951
           D:4 |       0 |     374 |   0.0 |       0 |      27 |   0.0 |  1153
           D:5 |       0 |     514 |   0.0 |       0 |      25 |   0.0 |   804
           D:6 |       0 |     552 |   0.0 |       0 |      12 |   0.0 |   862
               +---------+---------+-------+---------+---------+-------+---------
